 Dungeon Crawl Stone Soup version 0.28-a0-8-g6e044cfa68 (webtiles) character file.

Game seed: 16793488066421520940

5522 Spaninq the Spear-Bearer (level 10, -17/80 HPs)
             Began as a Merfolk Ice Elementalist on July 24, 2021.
             Was an Elder of the Shining One.
             Demolished by a very large slime creature (46 damage)
             ... on level 9 of the Dungeon.
             The game lasted 00:28:01 (11822 turns).

Spaninq the Spear-Bearer (MfIE)                    Turns: 11822, Time: 00:28:02

Health: -17/80     AC: 11    Str: 11    XL:     10   Next: 70%
Magic:  14/14      EV: 15    Int: 16    God:    the Shining One [****..]
Gold:   313        SH:  0    Dex: 14    Spells: 13/14 levels left

rFire   . . .      SeeInvis +   s - +0 halberd
rCold   . . .      Faith    .   (shield currently unavailable)
rNeg    + + .      Spirit   .   k - +2 animal skin
rPois   +          Reflect  .   i - +0 helmet
rElec   .          Harm     .   t - +0 cloak
rCorr   .          Rampage  ∞   l - +0 pair of gloves
Will    .....                   e - +3 pair of seven-league boots {Rampage+∞}
Stlth   +.........              (no amulet)
HPRegen 0.23/turn               g - ring of poison resistance
MPRegen 0.14/turn               u - ring of see invisible

@: about to teleport, glowing, studying Unarmed Combat
A: (nimble swimmer 2), mertail
a: Renounce Religion, Divine Shield, Cleansing Flame


You were on level 9 of the Dungeon.
You worshipped the Shining One.
The Shining One was greatly pleased with you.
You visited 1 branch of the dungeon, and saw 9 of its levels.

You collected 527 gold pieces.
You spent 214 gold pieces at shops.

Inventory:

Hand Weapons
 j - a +2 trident of flaming
 s - a +0 halberd (weapon)
Missiles
 b - 2 throwing nets
Armour
 d - a +0 ring mail
 e - the +3 pair of seven-league boots (worn) {Rampage+∞}
   (You acquired it on level 4 of the Dungeon)

   Its wearer moves as far as possible in that direction when moving towards
   enemies.
 h - a +0 scale mail
 i - a +0 helmet (worn)
 k - a +2 animal skin (worn)
 l - a +0 pair of gloves (worn)
 t - a +0 cloak (worn)
 x - a +0 kite shield
 B - a +0 chain mail
Jewellery
 g - a ring of poison resistance (left hand)
 u - a ring of see invisible (right hand)
Wands
 m - a wand of acid (7)
Potions
 a - a potion of cancellation
 c - a potion of curing
 f - a potion of heal wounds {unknown}
 q - 2 potions of ambrosia
 r - 2 potions of flight
 w - a potion of lignification {unknown}
 z - a potion of haste {unknown}
 C - a potion of might {unknown}


   Skills:
 + Level 7.7 Fighting
 * Level 13.7 Polearms
 + Level 3.6 Armour
 + Level 7.2 Dodging
 - Level 2.1 Stealth
 - Level 2.7 Spellcasting
 - Level 5.6 Ice Magic
 - Level 5.0 Invocations


You had 13 spell levels left.
You knew the following spells:

 Your Spells              Type           Power      Damage    Failure   Level
a - Freeze                Ice            80%        1d9       1%          1

Your spell library contained the following spells:

 Spells                   Type           Power      Damage    Failure   Level
 Frozen Ramparts          Ice            40%        1d6       6%          3
 Ozocubu's Armour         Ice            20%        N/A       6%          3
 Dazzling Flash           Conj/Hex       4%         N/A       50%         3
 Hailstorm                Conj/Ice       11%        3d5       52%         4
 Iskenderun's Mystic Bla  Conj/Tloc      2%         2d3       88%         4
 Agony                    Necr           2%         N/A       99%         5
 Silence                  Hex/Air        1%         N/A       99%         5
 Starburst                Conj/Fire      1%         8x6d3     100%        6


Dungeon Overview and Level Annotations

Branches:
Dungeon (9/15)             Temple (0/1) D:5
   Lair: D:8-11         Orc: D:9-12

Altars:
Ashenzari
Elyvilon
Fedhas
Makhleb
Ru
Trog
Xom
Zin
The Shining One

Shops:
D:2 !   D:8 (   D:9 *

Annotations:
D:2 Sigmund
D:7 2 transporters, duskshroud's ghost, novice TrHu


Innate Abilities, Weirdness & Mutations

((You are quick and stealthy near water. (Stealth+, EV+, Speed+++)))
Your lower body shifts to a powerful aquatic tail in water.


Message History

There is an open door here.
A slime creature and an orc warrior come into view.
The slime creature quivers.
A slime creature comes into view.
The slime creature moves out of view. 2 slime creatures come into view.
The slime creature quivers.
A slime creature comes into view.
The slime creature moves out of view.
There is an open door here.
Things that are here:
a +0 shortbow; 20 arrows; a centaur corpse 2 orcs come into view.
The orc shouts! x2; You hear a shout!
An orc priest comes into view. It is wielding a +0 hand axe.
An orc comes into view. It is wielding a +0 war axe.
The orc moves out of view.
The slime creature quivers.
The orc shouts!
You hit the orc warrior but do no damage.
The orc priest calls down the wrath of Beogh upon you.
Beogh smites you!
Two slime creatures merge to form a very large slime creature.
The orc warrior closely misses you.
You puncture the orc warrior!
The orc warrior is moderately wounded.
The orc warrior hits you with a +0 broad axe!
You puncture the orc warrior!
The orc warrior is heavily wounded.
The orc warrior hits you with a +0 broad axe.
A slime creature comes into view.
You barely miss the orc warrior.
The orc warrior is heavily wounded.
The orc warrior hits you with a +0 broad axe!!
As you read the scroll of teleportation, it crumbles to dust.
You feel strangely unstable.
The orc warrior hits you with a +0 broad axe.
The very large slime creature hits you!!!
Ouch! That really hurt!
You die...

#......# ##.
#......# #..
#......#
......#'####
..... #).#
.o..o###.###
#.. #o.#J..#
## #J#o#.#
### ###.J@#.#
#.###.#####.#
#.....#.....#
#####.#.###.#
#.#.#...#
#.#.#.#.#
#.#.#)#.#
#.###.#.#
#.#...#.#


You could see a very large slime creature, 2 slime creatures, an orc warrior and
2 orcs.

Vanquished Creatures
  A cyclops (D:7)
  Maggie (D:7)
  A hornet (D:7)
  Grinder (D:4)
  A vampire (D:7)
  3 yaks (D:9)
  A steam dragon (D:8)
  2 water moccasins
  Duvessa (D:7)
  A sky beast (D:5)
  An orc warrior (D:9)
  An ogre (D:4)
  A wolf (D:8)
  3 centaurs
  3 phantoms (D:5)
  3 bullfrogs
  A wyvern zombie (D:6)
  4 scorpions
  Dowan (D:7)
  2 gnoll sergeants (D:8)
  A wyvern skeleton (D:7)
  4 killer bees (D:9)
  2 howler monkeys (D:8)
  4 crimson imps (D:7)
  A bullfrog skeleton (D:7)
  2 centaur zombies
  3 jellies
  3 gnoll shamans (D:8)
  3 orc priests
  10 hounds
  Jessica (D:3)
  Ijyb (D:4)
  5 orc wizards
  A killer bee zombie (D:8)
  A hound zombie (D:5)
  A howler monkey zombie (D:9)
  Robin (D:2)
  14 gnolls
  6 adders
  A shadow imp (D:5)
  A white imp (D:6)
  A dart slug (D:5)
  42 orcs
  13 endoplasms
  3 giant cockroaches
  12 goblins
  6 hobgoblins
  6 jackals
  5 quokkas
  9 bats
  3 frilled lizards
  2 kobolds
  7 rats
208 creatures vanquished.

Vanquished Creatures (others)
  4 fungi (D:4)
4 creatures vanquished.

Grand Total: 212 creatures vanquished

Notes
Turn   | Place    | Note
-------+----------+-------------------------------------------
     0 | D:1      | Spaninq the Merfolk Ice Elementalist began the quest for
                  | the Orb.
     0 | D:1      | Reached XP level 1. HP: 13/13 MP: 3/3
    56 | D:1      | Found a faded altar of an unknown god.
    63 | D:1      | Became a worshipper of Elyvilon the Healer
    63 | D:1      | Reached * piety under Elyvilon
   426 | D:1      | Reached XP level 2. HP: 17/19 MP: 1/5
   572 | D:1      | Reached ** piety under Elyvilon
  1247 | D:2      | Reached skill level 5 in Ice Magic
  1610 | D:2      | Reached XP level 3. HP: 20/24 MP: 4/6
  1769 | D:2      | Noticed Sigmund
  1786 | D:2      | Found Taorei's Distillery.
  2041 | D:2      | Noticed Robin
  2131 | D:2      | Killed Robin
  2132 | D:2      | Reached XP level 4. HP: 21/30 MP: 2/8
  2354 | D:2      | Reached *** piety under Elyvilon
  2570 | D:2      | Reached skill level 1 in Polearms
  3363 | D:3      | Reached skill level 1 in Fighting
  3363 | D:3      | Reached skill level 2 in Polearms
  3363 | D:3      | Reached XP level 5. HP: 35/37 MP: 2/9
  3628 | D:3      | Found a glowing golden altar of the Shining One.
  3635 | D:3      | Fell from the grace of Elyvilon
  3635 | D:3      | Became a worshipper of the Shining One
  3635 | D:3      | Reached * piety under the Shining One
  3642 | D:3      | Found a broken altar of Ashenzari.
  3687 | D:3      | Noticed Jessica
  3692 | D:3      | Killed Jessica
  3693 | D:3      | Reached skill level 3 in Polearms
  3784 | D:3      | Found a blossoming altar of Fedhas.
  4031 | D:4      | Identified a scroll of acquirement
  4031 | D:4      | Acquired the +3 pair of seven-league boots {Rampage+∞}
  4032 | D:4      | Found the +3 pair of seven-league boots {Rampage+∞}
  4137 | D:4      | Reached ** piety under the Shining One
  4219 | D:4      | Noticed Ijyb
  4243 | D:4      | Killed Ijyb
  4244 | D:4      | Reached skill level 1 in Invocations
  4473 | D:4      | Reached skill level 4 in Polearms
  4473 | D:4      | Reached XP level 6. HP: 34/44 MP: 3/10
  4480 | D:4      | Reached skill level 5 in Polearms
  4818 | D:4      | Reached XP level 7. HP: 52/52 MP: 5/11
  4937 | D:4      | Reached skill level 6 in Polearms
  5205 | D:4      | Found a sacrificial altar of Ru.
  5242 | D:4      | Noticed Grinder
  5243 | D:4      | Paralysed by Grinder for 6 turns
  5255 | D:4      | Paralysed by Grinder for 2 turns
  5259 | D:4      | Paralysed by Grinder for 2 turns
  5269 | D:4      | Killed Grinder
  5270 | D:4      | Reached skill level 7 in Polearms
  5631 | D:5      | Entered Level 5 of the Dungeon
  5651 | D:5      | Reached XP level 8. HP: 60/60 MP: 12/12
  5685 | D:5      | Reached skill level 8 in Polearms
  5937 | D:5      | Found a staircase to the Ecumenical Temple.
  6128 | D:5      | Reached skill level 9 in Polearms
  6318 | D:5      | Reached skill level 5 in Fighting
  6582 | D:5      | Found a burning altar of Makhleb.
  6589 | D:5      | Reached skill level 10 in Polearms
  6589 | D:5      | Reached skill level 5 in Invocations
  7011 | D:6      | Reached XP level 9. HP: 64/68 MP: 13/13
  7111 | D:6      | Found a glowing silver altar of Zin.
  7491 | D:6      | Reached skill level 1 in Armour
  7651 | D:7      | Reached *** piety under the Shining One
  7745 | D:7      | Reached skill level 11 in Polearms
  7867 | D:7      | Found a transporter.
  7867 | D:7      | Noticed a moth of wrath
  7867 | D:7      | Noticed a cyclops
  7867 | D:7      | Noticed duskshroud's ghost (novice TrHu)
  7868 | D:7      | Noticed Maggie
  7898 | D:7      | Killed Maggie
  8483 | D:7      | Found a shimmering altar of Xom.
  8531 | D:7      | Noticed a cyclops
  8545 | D:7      | Killed a cyclops
  8546 | D:7      | Reached skill level 12 in Polearms
  8546 | D:7      | Reached skill level 5 in Dodging
  8986 | D:7      | Found a transporter.
  8988 | D:7      | Found a bloodstained altar of Trog.
  9041 | D:7      | Noticed Duvessa
  9043 | D:7      | Noticed Dowan
  9053 | D:7      | Killed Duvessa
  9054 | D:7      | Reached XP level 10. HP: 65/77 MP: 14/14
  9056 | D:7      | Killed Dowan
  9869 | D:8      | Found Gaoprun's Antique Weapon Boutique.
  9877 | D:8      | Bought a runed trident for 214 gold pieces
 10206 | D:8      | Reached skill level 13 in Polearms
 11180 | D:9      | Found Fugodugg's Assorted Antiques.
 11781 | D:9      | Reached **** piety under the Shining One
 11822 | D:9      | Demolished by a very large slime creature

Illustrated notes

Levels and vault maps discovered:
D:1:      ncdulo_smallfort, layout_basic,
          hellmonk_ecumenical_altar_leap_of_faith
D:2:      layout_loops_corners, serial_shops, shop, minmay_strange_pillars,
          uniq_sigmund, uniq_robin
D:3:      layout_basic, lemuel_coloured_pillars_altar,
          amethyst_overflow_temple_binary, uniq_jessica
D:4:      old_forge, layout_cave_pods, mainiacjoe_overflow_small_starburst,
          uniq_ijyb, uniq_grinder
D:5:      layout_loops_corners, makhleb_heckhound_becter,
          minmay_temple_entry_fiery, hangedman_decor_clover_reticule,
          kennysheep_generic_room_11
D:6:      layout_basic, amcnicky_altar_gilded
D:7:      layout_layer_cave, led_xom_imps, serial_glass, glass_columns_b,
          glass_columns_a, gammafunk_ghost_wrathful_warriors, uniq_maggie,
          uniq_duvessa
D:8:      layout_cave_pools, serial_gnoll_camp, gnoll_camp_medium_01,
          gnoll_camp_mini_doghouse, gnoll_camp_mini_hut, gnoll_camp_mini_hut,
          gnoll_camp_mini_house, nicolae_stop_n_shop_2
D:9:      layout_roguey, david_orc_4, serial_shops, shop

Skill      XL: |  1  2  3  4  5  6  7  8  9 10 |
---------------+-------------------------------+-----
Ice Magic      | 5 |  5.6
Polearms       | 2 4 5 7 10 12 13 | 13.7
Fighting       | 1 2 3 4 5 6 7 |  7.7
Invocations    | 1 2 3 5 |  5.0
Dodging        | 3 5 7 |  7.2
Armour         | 2 3 |  3.6
Stealth        | |  2.1
Spellcasting   | |  2.7

Action                   |  1- 3 |  4- 6 |  7- 9 | 10-12 || total
-------------------------+-------+-------+-------+-------++-------
Melee: Unarmed           |     1 |       |       |       ||     1
       Dagger            |    16 |     9 |       |       ||    25
       Spear             |       |    27 |    11 |       ||    38
       Halberd           |       |       |   302 |   251 ||   553
       Tailslap          |       |       |       |     7 ||     7
 Cast: Freeze            |    51 |    93 |    16 |       ||   160
Invok: Divine Shield     |       |       |     3 |     3 ||     6
  Use: Scroll            |       |     3 |     7 |     7 ||    17
       Potion            |       |     1 |     2 |     1 ||     4
 Stab: Sleeping          |       |     3 |       |       ||     3
Armor: Robe              |    10 |     2 |       |       ||    12
       Animal skin       |       |    34 |   126 |    69 ||   229
Dodge: Dodged            |    23 |    52 |   198 |   184 ||   457
Block: Other             |       |       |    31 |    28 ||    59

Table legend: (Time is in decaauts)
 A = Elapsed time spent in this place.
 B = Non-inter-level travel time spent in this place.
 C = Inter-level travel time spent in this place.
 D = Time resting spent in this place.
 E = Time spent auto-exploring this place.
 F = Levels seen in this place.
 G = Mean time per level.
                   A        B        C        D        E       F      G
               +--------+--------+--------+--------+--------+-----+--------+
         Total |  11758 |  11436 |    322 |   1298 |   8303 |   9 | 1306.4 |
       Dungeon |  11758 |  11436 |    322 |   1298 |   8303 |   9 | 1306.4 |
               +--------+--------+--------+--------+--------+-----+--------+

Top non-repeatable levels by time:
     D:7: 2535 daAuts
     D:2: 1728 daAuts
     D:4: 1566 daAuts
     D:1: 1192 daAuts
     D:3: 1133 daAuts
     D:5: 1034 daAuts
     D:8: 1014 daAuts
     D:6: 915 daAuts
     D:9: 638 daAuts
